 Dungeon Crawl Stone Soup version 0.27.1-34-g3ba077fa99 (webtiles) character file.

Game seed: 2327072857072282383

29 cbfl8 the Grave Robber (level 3, 0/24 HPs)
             Began as a Mummy Necromancer on Jan 14, 2022.
             Slain by a worm (4 damage)
             ... on level 2 of the Dungeon.
             The game lasted 00:03:53 (2842 turns).

cbfl8 the Grave Robber (Mummy Necromancer)          Turns: 2842, Time: 00:03:54

Health: 0/24       AC:  5    Str: 12    XL:     3   Next: 1%
Magic:  7/7        EV: 10    Int: 14    God:
Gold:   100        SH:  0    Dex: 12    Spells: 6/8 levels left

rFire    x . .     SeeInvis .   e - +0 dagger
rCold    + . .     Faith    .   (no shield)
rNeg     + + +     Spirit   .   b - +0 ring mail
rPois    ∞         Reflect  .   (no helmet)
rElec    .         Harm     .   (no cloak)
rCorr    .         Rampage  .   (no gloves)
Will     .....                  (no boots)
Stlth    +.........             (no amulet)
HPRegen  0.08/turn              (no ring)
MPRegen  0.10/turn              (no ring)

@: no status effects
A: cold resistance 1, negative energy resistance 3, torment resistance 2, heat
vulnerability 1, no potions
a: no special abilities


You were on level 2 of the Dungeon.
You visited 1 branch of the dungeon, and saw 2 of its levels.

You collected 100 gold pieces.

Inventory:

Hand Weapons
 d - a +0 club
 e - a +0 dagger (weapon)
Missiles
 c - 12 poisoned darts
Armour
 a - a +0 robe
 b - a +0 ring mail (worn)
Scrolls
 g - a scroll of fog {unknown}
 h - a scroll of teleportation {unknown}
Potions
 f - a potion of berserk rage {unknown}
 i - a potion of curing {unknown}


   Skills:
 + Level 0.2 Fighting
 + Level 0.4 Short Blades
 + Level 0.6 Armour
 + Level 1.6 Dodging
 + Level 1.6 Stealth
 + Level 3.0 Spellcasting
 + Level 4.4 Necromancy


You had 6 spell levels left.
You knew the following spells:

 Your Spells              Type           Power      Damage    Failure   Level
a - Pain                  Necr           56%        1d6       8%          1
b - Animate Skeleton      Necr           28%        N/A       8%          1

Your spell library contained the following spells:

 Spells                   Type           Power      Damage    Failure   Level
 Vampiric Draining        Necr           7%         2d7       24%         3
 Sting                    Tmut/Pois      8%         1d3       43%         1
 Poisonous Vapours        Pois/Air       4%         N/A       58%         2
 Animate Dead             Necr           7%         N/A       61%         4
 Agony                    Necr           14%        N/A       91%         5
 Olgreb's Toxic Radiance  Pois           2%         N/A       99%         4


Dungeon Overview and Level Annotations

Branches:
Dungeon (2/15)

Altars:


Innate Abilities, Weirdness & Mutations

You are immune to poison.
Your flesh is cold resistant. (rC+)
You are immune to negative energy. (rN+++)
You are immune to unholy pain and torment.
You are vulnerable to heat. (rF-)
You do not drink.


Message History

The worm is moderately wounded.
You barely miss the worm.
The worm is moderately wounded.
The worm bites you.
You hit the worm but do no damage.
The worm is moderately wounded.
You hit the worm.
The worm is heavily wounded.
The worm barely misses you.
You barely miss the worm.
The worm is moderately wounded.
The worm bites you but does no damage.
You hit the worm but do no damage.
The worm is moderately wounded.
You hit the worm but do no damage.
The worm is moderately wounded.
The worm barely misses you.
You hit the worm.
The worm is heavily wounded.
You hit the worm.
The worm is heavily wounded.
The worm barely misses you.
You hit the worm.
The worm is heavily wounded.
The worm barely misses you.
You hit the worm.
The worm is heavily wounded.
You hit the worm.
The worm is severely wounded.
The worm bites you!
* * * LOW HITPOINT WARNING * * *
You barely miss the worm.
The worm is severely wounded.
You hit the worm.
The worm is severely wounded.
The worm barely misses you.
You hit the worm.
The worm is severely wounded.
The worm bites you.
You die...

###### ##....
..#.######.# #
#.#<........ ..#.#
#.##.#####.#
......#####...........
#..w@......>####..#
#...######.## ###.
#... #. ###... #. ####
#. #. #.


You could see a worm.

Vanquished Creatures
  A dart slug (D:1)
  2 endoplasms (D:1)
  3 giant cockroaches (D:1)
  A goblin (D:1)
  5 hobgoblins (D:1)
  4 kobolds (D:1)
  4 bats (D:1)
  3 frilled lizards (D:1)
  A rat (D:1)
24 creatures vanquished.

Notes
Turn   | Place    | Note
-------+----------+-------------------------------------------
     0 | D:1      | cbfl8 the Mummy Necromancer began the quest for the Orb.
     0 | D:1      | Reached XP level 1. HP: 13/13 MP: 4/4
   104 | D:1      | Learned a level 1 spell: Animate Skeleton
   721 | D:1      | Reached XP level 2. HP: 17/19 MP: 5/5
  2327 | D:1      | Reached XP level 3. HP: 24/24 MP: 7/7
  2842 | D:2      | Slain by a worm

Illustrated notes

Levels and vault maps discovered:
D:1:      matt_arrival_spirals, layout_basic
D:2:      minmay_skewed_foursquare, layout_basic,
          shapermc_ecumenical_altar_hornbeckon, serial_shops, shop_fountains,
          shop_fountains, shop, nicolae_square_shop, shop

Skill      XL: |  1  2 |
---------------+-------+-----
Spellcasting   | 3 |  3.0
Fighting       | |  0.2
Short Blades   | |  0.4
Armour         | |  0.6
Dodging        | |  1.6
Stealth        | |  1.6
Necromancy     | |  4.4

Action                   || total
-------------------------++-------
Melee: Club              ||    44
       Unarmed           ||     5
       Dagger            ||   117
 Cast: Animate Skeleton  ||     2
 Stab: Sleeping          ||     1
Armor: Ring mail         ||    75
Dodge: Dodged            ||   109
